 Dungeon Sprint DCSS version 0.27.0-1-g7a089689b8 (webtiles) character file.

Game seed: 18354899201506886497

14 JuniperTheExplorer the Skirmisher (level 2, -2/27 HPs)
             Began as a Draconian Fighter on Aug 14, 2021.
             Slain by a hound (3 damage)
             ... in the Dungeon (Sprint IX: "|||||||||||||||||||||||||||||").
             The game lasted 00:00:19 (35 turns).

JuniperTheExplorer the Skirmisher (Draconian Fighter) Turns: 35, Time: 00:00:20

Health: -2/27      AC:  4    Str: 18    XL:     2   Next: 27%
Magic:  2/2        EV: 10    Int:  8    God:
Gold:   0          SH:  9    Dex: 10    Spells: 1/1 levels left

rFire    . . .     SeeInvis .   a - +0 war axe
rCold    . . .     Faith    .   b - +0 kite shield
rNeg     . . .     Spirit   .   (armour unavailable)
rPois    .         Reflect  .   (helmet restricted)
rElec    .         Harm     .   (no cloak)
rCorr    .         Rampage  .   (no gloves)
Will     .....     NoTele   +   (no boots)
Stlth    +.........             (no amulet)
HPRegen  0.09/turn              (no ring)
MPRegen  0.08/turn              (no ring)

@: no status effects
A: AC +4, unfitting armour, cold-blooded
a: no special abilities


You were in the Dungeon.
You visited 1 branch

Inventory:

Hand Weapons
 a - a +0 war axe (weapon)
Armour
 b - a +0 kite shield (worn)
Scrolls
 i - a scroll of blinking
Potions
 c - a potion of might
 d - a potion of curing
 e - a potion of heal wounds
 f - a potion of haste
 g - 2 potions of magic
 h - a potion of berserk rage


   Skills:
 + Level 4.3 Fighting
 + Level 2.8 Axes
 + Level 3.5 Dodging
 + Level 3.8 Shields


You had one spell level left.
You didn't know any spells.
Your spell library was empty.

Dungeon Overview and Level Annotations

Branches:
Dungeon (1/1)

Altars:


Innate Abilities, Weirdness & Mutations

Your plain brown scales are hard. (AC +4)
You cannot fit into any form of body armour.
You are cold-blooded and may be slowed by cold attacks.


Message History

You feel very sick. The adder bites you. You block the adder's attack.
You hit the adder but do no damage.
You feel sick. The adder barely misses you. You block the adder's attack.
You miss the adder.
Your tail-slap misses the adder.
You feel sick. You block the adder's attack. The adder closely misses you.
You hit the adder.
The adder is lightly wounded.
You feel sick.
You are no longer poisoned.
The adder bites you.
* * * LOW HITPOINT WARNING * * *
You are poisoned.
The adder poisons you! The adder misses you.
You miss the adder.
The adder is lightly wounded.
* * * LOW HITPOINT WARNING * * *
You feel sick. The adder bites you but does no damage.
You block the adder's attack.
You slash the adder!
You kill the adder!
* * * LOW HITPOINT WARNING * * *
You feel sick. You block the hound's attack.
Your Fighting skill increases to level 4!
You have reached level 2!
You slash the hound!
Your tail-slap misses the hound.
The hound is heavily wounded.
You feel sick.
You are no longer poisoned.
The hound bites you but does no damage. x2
You hit the hound but do no damage.
The hound is heavily wounded.
The hound closely misses you. The hound bites you but does no damage.
You block the hound's attack.
You barely miss the hound.
The hound is heavily wounded.
The hound bites you.
* * * LOW HITPOINT WARNING * * *
The hound bites you.
You die...

▓<▓
▓.▓
▓.▓
▓.▓
▓†▓
▓.▓
▓.▓
▓.▓
▓@▓
▓h▓
▓S▓
▓S▓
▓l▓
▓.▓
▓.▓
▓.▓
▓+▓


You could see an iguana, a hound and 2 adders.

Vanquished Creatures
  An adder (D)
  A ball python (D)
  A bat (D)
  A frilled lizard (D)
  2 rats (D)
6 creatures vanquished.

Notes
Turn   | Place    | Note
-------+----------+-------------------------------------------
     0 | D        | JuniperTheExplorer the Draconian Fighter began the quest
                  | for the Orb.
     0 | D        | Reached XP level 1. HP: 19/19 MP: 1/1
    25 | D        | Noticed a hound
    25 | D        | Noticed an iguana
    33 | D        | Reached skill level 4 in Fighting
    33 | D        | Reached XP level 2. HP: 3/27 MP: 2/2
    35 | D        | HP: 1/27 [hound (2)]
    35 | D        | Slain by a hound

Illustrated notes

Levels and vault maps discovered:
D:        linesprint [early_d, line_temple, items_1, d_10, items_2, lair_1,
          lair_end, items_3, orc_1, orc_end, items_4, d_15, swamp_1, shoals_1,
          snake_1, spider_1, d_20, vaults_1, items_5, swamp_end, shoals_end,
          snake_end, spider_end, vaults_end, d_27, items_6, zot_1, zot_end,
          crypt_end, forest_end, elf_end, slime_end, tomb_end, abyss_end,
          pan_hell_end]

Skill      XL: |  1 |
---------------+----+-----
Dodging        | 3 |  3.5
Fighting       | 4 |  4.3
Axes           | |  2.8
Shields        | |  3.8

Action                   || total
-------------------------++-------
Melee: War axe           ||    24
       Tailslap          ||     2
Armor: Skin              ||    12
Dodge: Dodged            ||    11
Block: Kite shield       ||    12
